 Dungeon Crawl Stone Soup version 0.19-a0-330-g034cfd4 (webtiles) character file.

438 epen the Gusty (level 6, -2/34 (35) HPs)
             Began as a Deep Elf Air Elementalist on May 28, 2016.
             Slain by an orc warrior (8 damage)
             ... on level 5 of the Dungeon.
             The game lasted 00:13:37 (4799 turns).

epen the Gusty (Deep Elf Air Elementalist)          Turns: 4799, Time: 00:13:38

HP:   -2/34 (35)    AC:  2    Str:  5    XL:     6   Next: 69%
MP:   3/15          EV: 14    Int: 22    God:
Gold: 219           SH:  0    Dex: 15    Spells: 5 memorised, 0 levels left

rFire  . . .     SeeInvis .     n - +3 dagger
rCold  . . .     Gourm    .     a - +0 robe
rNeg   . . .     Faith    .     (no shield)
rPois  .         Spirit   .     (no helmet)
rElec  .         Dismiss  .     (no cloak)
rCorr  .         Reflect  .     (no gloves)
SustAt .         Harm     .     (no boots)
MR     .....                    (no amulet)
Stlth  ++........               (no ring)
                                (no ring)

@: very slightly contaminated, repel missiles, not resistant to hostile
enchantments, unstealthy
A: no striking features
a: no special abilities


You were on level 5 of the Dungeon.
You were near starving.

You visited 2 branches of the dungeon, and saw 6 of its levels.

You collected 219 gold pieces.

Inventory:

Hand Weapons
 n - a +3 dagger (weapon)
Armour
 a - a +0 robe (worn)
Jewellery
 i - an uncursed amulet of dismissal
Scrolls
 d - 2 scrolls of identify
 j - 2 scrolls of enchant weapon {unknown}
 k - a scroll of magic mapping {unknown}
 l - a scroll of blinking {unknown}
 o - a scroll of noise {unknown}
 p - a scroll of summoning {unknown}
 r - 2 scrolls of fear {unknown}
 s - a scroll of enchant armour {unknown}
 v - a scroll of remove curse
Potions
 f - a potion of haste {unknown}
 g - a potion of curing {unknown}
 m - a potion of ambrosia {unknown}
 q - a potion of brilliance {unknown}
 t - a potion of heal wounds {unknown}
 u - a potion of lignification {unknown}
Books
 b - a book of Air

   Spells                             Type                      Level
   a - Shock                          Conjuration/Air              1
   b - Swiftness                      Charms/Air                   2
   c - Repel Missiles                 Charms/Air                   2
   d - Static Discharge               Conjuration/Air              3
   e - Lightning Bolt                 Conjuration/Air              5
 e - a book of Party Tricks

   Spells                             Type                      Level
   a - Summon Butterflies             Summoning                    1
   b - Apportation                    Translocation                1
   c - Tukima's Dance                 Hexes                        3
   d - Alistair's Intoxication        Transmutation/Poison         5
   e - Invisibility                   Hexes                        6
Comestibles
 c - 3 bread rations
 h - a slice of pizza


   Skills:
 + Level 1.7 Fighting
 + Level 3.4 Dodging
 - Level 2.4 Stealth
 + Level 4.7 Spellcasting
 * Level 3.6 Conjurations
 + Level 1.6 Hexes
 * Level 5.0 Air Magic


You couldn't memorise any spells.
You knew the following spells:

 Your Spells              Type           Power        Failure   Level  Hunger
a - Shock                 Conj/Air       ###.         1%          1    None
b - Repel Missiles        Chrm/Air       ###...       8%          2    None
c - Static Discharge      Conj/Air       ###.....     6%          3    ##.....
d - Tukima's Dance        Hex            ##......     17%         3    ##.....
e - Lightning Bolt        Conj/Air       ###.......   50%         5    #####..


Dungeon Overview and Level Annotations

Branches:
Dungeon (5/15)             Temple (1/1) D:5

Altars:
Ashenzari
Cheibriados
Dithmenos
Elyvilon
Fedhas
Gozag
Hepliaklqana
Kikubaaqudgha
Nemelex Xobeh
Pakellas
Qazlal
Ru
Trog
Ukayaw
Xom
Yredelemnul
Zin
The Shining One


Message History

You miscast Static Discharge.
Nothing appears to happen.
The orc warrior hits you.
The adder skeleton bites your vampiric long sword.
Your vampiric long sword hits the orc warrior but does no damage.
Unknown command.
The adder skeleton bites your vampiric long sword.
You completely miss the orc warrior.
The orc warrior is heavily wounded.
The orc warrior hits you.
The adder skeleton bites your vampiric long sword.
Your vampiric long sword falls from the air.
You hit the orc warrior but do no damage.
The orc warrior is heavily wounded.
The orc warrior closely misses you. The orc warrior hits you!
* * * LOW HITPOINT WARNING * * *
You are near starving!
There is a shadowy altar of Dithmenos here.
The orc warrior hits you!
You die...

#..##..# ##...##
#.####.#####...>##
#.####..#....##..##
#.#.......######..###
#.#...#..## ##.(.#
##.#._Z#.Z###### ###.#
#......#.......# #.#
#...o###...###.#####.#
#....@......##....##.#
#...#.####..#####....#
#.....# #..### ###...
####.## #....# ....
#.# #.##.# #.... ###.#
#.##.# #.... # ###...#
#..#.## #....
#.##...#### ##.#..#
##### #.......Z.##
#....####


You could see an orc warrior.

Vanquished Creatures
  A necrophage (D:5)
  An ogre (D:3)
  A hound (D:5)
  An orc wizard (D:3)
  2 worker ants
  8 adders
  An ooze (D:1)
  An adder zombie (D:5)
  4 dart slugs
  4 giant geckos
  3 orcs (D:3)
  A ball python (D:4)
  4 bats
  3 giant cockroaches
  8 goblins
  11 hobgoblins
  6 kobolds
  A quokka (D:3)
  A giant gecko skeleton (D:4)
  6 giant newts
  6 rats
  A butterfly (D:5)
75 creatures vanquished.

Vanquished Creatures (others)
  A dancing weapon (D:5)
1 creature vanquished.

Grand Total: 76 creatures vanquished

Notes
Turn   | Place    | Note
--------------------------------------------------------------
     0 | D:1      | epen the Deep Elf Air Elementalist began the quest for the Orb.
     0 | D:1      | Reached XP level 1. HP: 10/10 MP: 6/6
     2 | D:1      | Noticed a formicid
     2 | D:1      | Noticed a felid
     4 | D:1      | Noticed a vampire
     6 | D:1      | Noticed a naga
     8 | D:1      | Noticed a troll
     8 | D:1      | Noticed an octopode
    10 | D:1      | Noticed a gargoyle
    10 | D:1      | Noticed a draconian
    12 | D:1      | Noticed a human
    12 | D:1      | Noticed a tengu
    14 | D:1      | Noticed a centaur
    14 | D:1      | Noticed a halfling
    16 | D:1      | Noticed a dwarf
    16 | D:1      | Noticed a minotaur
    18 | D:1      | Noticed a vine stalker
    20 | D:1      | Noticed a ghoul
    20 | D:1      | Noticed an elf
    22 | D:1      | Noticed a demigod
    22 | D:1      | Noticed a demonspawn
    24 | D:1      | Noticed a merfolk
    26 | D:1      | Noticed an ogre
    26 | D:1      | Noticed a spriggan
    94 | D:1      | Reached XP level 2. HP: 15/15 MP: 2/8
    98 | D:1      | Learned a level 2 spell: Repel Missiles
   855 | D:1      | Reached XP level 3. HP: 19/19 MP: 5/9
   860 | D:1      | Learned a level 3 spell: Static Discharge
  1271 | D:2      | Found a faded altar to an unknown god.
  1501 | D:2      | Reached skill level 4 in Air Magic
  1501 | D:2      | Reached XP level 4. HP: 21/24 MP: 3/11
  1980 | D:2      | Found a bloodstained altar of Trog.
  1983 | D:2      | Found an oddly glowing altar of Pakellas.
  1986 | D:2      | Found a sacrificial altar of Ru.
  2327 | D:3      | Reached skill level 1 in Fighting
  2444 | D:3      | Learned a level 3 spell: Tukima's Dance
  2532 | D:3      | Noticed an ogre
  2556 | D:3      | Found a shimmering altar of Xom.
  2557 | D:3      | Found a shimmering altar of Xom.
  2563 | D:3      | You fall through a shaft for 2 floors!
  2563 | D:5      | Entered Level 5 of the Dungeon
  2573 | D:5      | Noticed a necrophage
  2574 | D:5      | Found a shadowy altar of Dithmenos.
  2599 | D:5      | Reached XP level 5. HP: 12/28 MP: 5/13
  2601 | D:5      | Killed a necrophage
  2601 | D:5      | Reached skill level 1 in Hexes
  3018 | D:4      | Noticed a phantom
  3272 | D:3      | Reached XP level 6. HP: 33/33 MP: 11/14
  3279 | D:3      | Learned a level 5 spell: Lightning Bolt
  3920 | D:4      | Found a glowing golden altar of the Shining One.
  4025 | D:5      | Found a staircase to the Ecumenical Temple.
  4045 | Temple   | Entered the Ecumenical Temple
  4352 | D:5      | Reached skill level 5 in Air Magic
  4724 | D:5      | Noticed an orc warrior
  4799 | D:5      | Slain by an orc warrior

Vault maps used:
D:1:      kb_arrival_jail, serial_forest, infiniplex_forest_diagonal,
          infiniplex_forest_clump_tiny, infiniplex_forest_end_2,
          infiniplex_forest_clump_diagonal, infiniplex_forest_end_1,
          serial_bayou_ford_a
D:2:      grunt_temple_overflow_diamond, ecumenical_altar_2
D:3:      xom_redecorated, first_bread, kennysheep_nub
D:4:      old_standard_altar
D:5:      grunt_dithmenos_smoke, minmay_temple_entry_butterflies,
          kennysheep_generic_room_7, uniq_prince_ribbit1
Temple:   triangle_lava_temple_12

Skill      XL: |  1  2  3  4  5  6 |
---------------+-------------------+-----
Air Magic      | 4 5 |  5.0
Spellcasting   | 4 |  4.7
Conjurations   | 2 3 |  3.6
Fighting       | 1 |  1.7
Dodging        | 3 |  3.4
Hexes          | 1 |  1.6
Stealth        | |  2.4

Action                   |  1- 3 |  4- 6 || total
-------------------------+-------+-------++-------
Melee: Dagger            |    15 |    17 ||    32
 Cast: Shock             |    70 |    96 ||   166
       Repel Missiles    |     2 |     1 ||     3
       Static Discharge  |       |     5 ||     5
       Tukima's Dance    |       |     2 ||     2
  Use: Scroll            |     3 |       ||     3
 Stab: Sleeping          |       |     3 ||     3
  Eat: Chunk             |     2 |     7 ||     9
       Beef jerky        |       |     1 ||     1
Armor: Robe              |     2 |     4 ||     6
Dodge: Dodged            |    29 |    44 ||    73
       Deflected         |     1 |     4 ||     5
